[Event "23rd ETCC Open 2021"]
[Site "Catez"]
[Date "2021.11.20"]
[Round "8.27"]
[White "Kourkoulos-Arditis, Stamatis"]
[Black "Jianu, Vlad-Cristian"]
[Result "1-0"]
[ECO "E05"]
[WhiteElo "2524"]
[BlackElo "2522"]
[Annotator "ChessBase"]
[PlyCount "119"]
[EventDate "2021.11.08"]
[EventType "team-tourn"]
[EventCountry "SLO"]
[SourceTitle "playchess.com"]
[Source "ChessBase"]
[SourceQuality "1"]
[WhiteTeam "Greece"]
[BlackTeam "Romania"]
[WhiteTeamCountry "GRE"]
[BlackTeamCountry "ROU"]
[TimeControl "40/5400+30:1800+30"]

1. d4 Nf6 2. c4 e6 3. Nf3 d5 4. g3 Be7 5. Bg2 O-O 6. O-O dxc4 7. Qc2 a6 8. a4
Bd7 9. Rd1 Bc6 10. Nc3 Bxf3 11. Bxf3 Nc6 12. Bxc6 bxc6 13. a5 Rb8 14. Ra4 Rb4
15. Na2 Rxa4 16. Qxa4 Qd5 17. Nc3 Qh5 18. Qxc6 Qxa5 19. Qxc4 Rb8 20. e4 Rb4 21.
Qc6 Qb6 22. Qa8+ Bf8 23. d5 e5 24. Be3 Qb7 25. Qxb7 Rxb7 26. Ra1 Rxb2 27. Rxa6
Rb3 28. Rc6 Bd6 29. Kg2 Kf8 30. Kf3 Ke8 31. g4 h5 32. h3 hxg4+ 33. hxg4 Kd7 34.
Ne2 Bb4 35. g5 Ne8 36. g6 Ke7 37. Ng3 Bd6 38. gxf7 Kxf7 39. Nf1 Ke7 40. Nd2 Rb4
41. Nc4 Kf7 42. Ke2 Nf6 43. f3 Nh5 44. Bd2 Ra4 45. Nxd6+ cxd6 46. Rxd6 g6 47.
Rc6 Ra3 48. Rc2 Kf6 49. Kf2 Rb3 50. Bc1 Rb1 51. Rc6+ Kf7 52. Rc7+ Ke8 53. Bg5
Rb2+ 54. Ke3 Rb3+ 55. Ke2 Rb6 56. Re7+ Kf8 57. Rxe5 Rb2+ 58. Kd3 Rb3+ 59. Kc4
Rxf3 60. d6 1-0

[Event "23rd ETCC Open 2021"]
[Site "Catez"]
[Date "2021.11.20"]
[Round "8.28"]
[White "Gavrilescu, David"]
[Black "Kelires, Andreas"]
[Result "0-1"]
[ECO "B90"]
[WhiteElo "2514"]
[BlackElo "2535"]
[Annotator "ChessBase"]
[PlyCount "96"]
[EventDate "2021.11.08"]
[EventType "team-tourn"]
[EventCountry "SLO"]
[SourceTitle "playchess.com"]
[Source "ChessBase"]
[SourceQuality "1"]
[WhiteTeam "Romania"]
[BlackTeam "Greece"]
[WhiteTeamCountry "ROU"]
[BlackTeamCountry "GRE"]
[TimeControl "40/5400+30:1800+30"]

1. e4 c5 2. Nf3 d6 3. d4 cxd4 4. Nxd4 Nf6 5. Nc3 a6 6. a4 e5 7. Nf3 Be7 8. Bg5
Be6 9. Bxf6 Bxf6 10. Nd5 Nd7 11. Bc4 Rc8 12. b3 Qa5+ 13. b4 Qd8 14. Bb3 a5 15.
b5 Nc5 16. Qe2 Nxb3 17. cxb3 Bxd5 18. exd5 O-O 19. Nd2 e4 20. Rd1 Bc3 21. O-O
f5 22. Nc4 Bb4 23. f3 Qe7 24. Kh1 Rce8 25. fxe4 fxe4 26. h3 g6 27. Rb1 h5 28.
Rbd1 Kh7 29. Rc1 Kg8 30. Rcd1 Rxf1+ 31. Rxf1 Rf8 32. Rxf8+ Kxf8 33. g4 h4 34.
Kg2 Kg7 35. Qb2+ Kg8 36. Qe2 Bc5 37. Nd2 e3 38. Nf3 Qe4 39. Qc4 Qb1 40. Qc3
Qa2+ 41. Kh1 Qb1+ 42. Kg2 e2 43. Ne1 Qe4+ 44. Qf3 Qe5 45. Qd3 Kg7 46. Kf3 Bb4
47. Qb1 Bd2 48. Kf2 Qe3+ 0-1

[Event "23rd ETCC Open 2021"]
[Site "Catez"]
[Date "2021.11.20"]
[Round "8.29"]
[White "Christiansen, Johan-Sebastian"]
[Black "Jobava, Baadur"]
[Result "1-0"]
[ECO "B19"]
[WhiteElo "2582"]
[BlackElo "2582"]
[Annotator "ChessBase"]
[PlyCount "95"]
[EventDate "2021.11.08"]
[EventType "team-tourn"]
[EventCountry "SLO"]
[SourceTitle "playchess.com"]
[Source "ChessBase"]
[SourceQuality "1"]
[WhiteTeam "Norway"]
[BlackTeam "Georgia"]
[WhiteTeamCountry "NOR"]
[BlackTeamCountry "GEO"]
[TimeControl "40/5400+30:1800+30"]

1. e4 c6 2. d4 d5 3. Nd2 dxe4 4. Nxe4 Bf5 5. Ng3 Bg6 6. h4 h6 7. Nf3 Nd7 8. h5
Bh7 9. Bd3 Bxd3 10. Qxd3 e6 11. Bf4 Qa5+ 12. Bd2 Qc7 13. O-O-O Ngf6 14. Ne4
O-O-O 15. g3 Nxe4 16. Qxe4 Nf6 17. Qe2 Bd6 18. Rh4 a6 19. c4 c5 20. Bc3 Rhe8
21. dxc5 Bxc5 22. Rxd8+ Rxd8 23. Ne5 Bd6 24. Nd3 Qc6 25. Kc2 Rd7 26. Rd4 Bc7
27. Rxd7 Kxd7 28. b3 b5 29. c5 Qd5 30. Bxf6 gxf6 31. Qd2 Ke7 32. Qxh6 Qf3 33.
Qe3 Qxh5 34. Qe4 f5 35. Qh4+ Qxh4 36. gxh4 a5 37. h5 e5 38. c6 e4 39. Nc5 Bb6
40. Nb7 Bxf2 41. c7 Kd7 42. Nd6 Kxc7 43. Nxf5 Be1 44. h6 b4 45. h7 Bc3 46. Nh6
f5 47. Nxf5 Kd7 48. Nh4 1-0

[Event "23rd ETCC Open 2021"]
[Site "Catez"]
[Date "2021.11.20"]
[Round "8.30"]
[White "Sanikidze, Tornike"]
[Black "Urkedal, Frode Olav Olsen"]
[Result "1-0"]
[ECO "C58"]
[WhiteElo "2458"]
[BlackElo "2569"]
[Annotator "ChessBase"]
[PlyCount "89"]
[EventDate "2021.11.08"]
[EventType "team-tourn"]
[EventCountry "SLO"]
[SourceTitle "playchess.com"]
[Source "ChessBase"]
[SourceQuality "1"]
[WhiteTeam "Georgia"]
[BlackTeam "Norway"]
[WhiteTeamCountry "GEO"]
[BlackTeamCountry "NOR"]
[TimeControl "40/5400+30:1800+30"]

1. e4 e5 2. Nf3 Nc6 3. Bc4 Nf6 4. Ng5 d5 5. exd5 Na5 6. Bb5+ c6 7. dxc6 bxc6 8.
Bd3 Nd5 9. Nf3 Bd6 10. O-O Nf4 11. Nc3 Nxd3 12. cxd3 O-O 13. Ne4 c5 14. b3 Nc6
15. Re1 Re8 16. Ba3 Bf8 17. Rc1 Nb4 18. Bxb4 cxb4 19. Ng3 Bb7 20. Nxe5 f6 21.
Nc4 Qd5 22. Re4 Qxd3 23. Rxe8 Rxe8 24. Qf1 Qd7 25. Rd1 f5 26. d4 f4 27. Ne5 Qe6
28. Nh5 f3 29. Nf4 fxg2 30. Qb5 Qc8 31. Qc4+ Qxc4 32. bxc4 a5 33. Nfd3 g5 34.
f3 a4 35. Kxg2 g4 36. Kf2 gxf3 37. Rg1+ Bg7 38. Nxb4 Kf8 39. Nbd3 Rd8 40. Rg4
a3 41. Nc5 Bc8 42. Rf4+ Kg8 43. Nc6 Re8 44. Rxf3 Bg4 45. Rxa3 1-0

[Event "23rd ETCC Open 2021"]
[Site "Catez"]
[Date "2021.11.20"]
[Round "8.31"]
[White "Hauge, Lars Oskar"]
[Black "Paichadze, Luka"]
[Result "0-1"]
[ECO "B13"]
[WhiteElo "2490"]
[BlackElo "2551"]
[Annotator "ChessBase"]
[PlyCount "94"]
[EventDate "2021.11.08"]
[EventType "team-tourn"]
[EventCountry "SLO"]
[SourceTitle "playchess.com"]
[Source "ChessBase"]
[SourceQuality "1"]
[WhiteTeam "Norway"]
[BlackTeam "Georgia"]
[WhiteTeamCountry "NOR"]
[BlackTeamCountry "GEO"]
[TimeControl "40/5400+30:1800+30"]

1. e4 c6 2. d4 d5 3. exd5 cxd5 4. Bd3 Nc6 5. c3 Nf6 6. Nf3 Bg4 7. Bf4 e6 8.
Nbd2 Bd6 9. Bxd6 Qxd6 10. O-O O-O 11. Qe1 Nd7 12. Qe3 Ne7 13. Rfe1 Bf5 14. Ne5
Nxe5 15. dxe5 Qc7 16. Bf1 Bg6 17. Nb3 Nf5 18. Qd2 Qb6 19. Bd3 Ne7 20. Bf1 a5
21. Nd4 a4 22. Rac1 Nc6 23. Re3 Rfc8 24. Nb5 Ra5 25. c4 dxc4 26. Nd6 Rd8 27.
Qc3 Rxe5 28. Nxc4 Rxe3 29. Nxb6 Rxc3 30. Rxc3 Rd4 31. a3 h5 32. Rc1 Na5 33. Bb5
Nb3 34. Re1 Nc5 35. Rc1 Rd2 36. f3 Nb3 37. Rc8+ Kh7 38. Nc4 Rd1+ 39. Kf2 Rc1
40. Bxa4 Nd4 41. Ke3 Nf5+ 42. Kf2 Ne7 43. Rc5 Bd3 44. Bb3 Nd5 45. Kg3 g5 46.
Rc8 h4+ 47. Kg4 f6 0-1

[Event "23rd ETCC Open 2021"]
[Site "Catez"]
[Date "2021.11.20"]
[Round "8.32"]
[White "Pantsulaia, Levan"]
[Black "Notkevich, Benjamin Arvola"]
[Result "1/2-1/2"]
[ECO "D73"]
[WhiteElo "2571"]
[BlackElo "2471"]
[Annotator "ChessBase"]
[PlyCount "97"]
[EventDate "2021.11.08"]
[EventType "team-tourn"]
[EventCountry "SLO"]
[SourceTitle "playchess.com"]
[Source "ChessBase"]
[SourceQuality "1"]
[WhiteTeam "Georgia"]
[BlackTeam "Norway"]
[WhiteTeamCountry "GEO"]
[BlackTeamCountry "NOR"]
[TimeControl "40/5400+30:1800+30"]

1. Nf3 g6 2. c4 Bg7 3. Nc3 Nf6 4. g3 O-O 5. Bg2 c6 6. d4 d5 7. Ne5 dxc4 8. Nxc4
Be6 9. b3 Nd5 10. Ne4 Nb6 11. Ne5 Bd5 12. O-O f6 13. Nc4 f5 14. Ng5 Bxg2 15.
Kxg2 Bxd4 16. Rb1 Qd5+ 17. f3 Bf6 18. Qc2 Na6 19. a3 Rfd8 20. Be3 c5 21. Nxb6
axb6 22. Rbd1 Bd4 23. Bc1 h6 24. e4 Qd7 25. Qc4+ e6 26. Qxe6+ Kg7 27. Qxd7+
Rxd7 28. Ne6+ Kh7 29. Bb2 Nc7 30. Nxd4 cxd4 31. Rxd4 Rxd4 32. Bxd4 Rxa3 33.
exf5 gxf5 34. Re1 Nb5 35. Re7+ Kg8 36. Be5 Rxb3 37. Rg7+ Kf8 38. Rxb7 Na3 39.
Bg7+ Ke8 40. Bxh6 Nc2 41. h4 Ne1+ 42. Kf2 Nxf3 43. Bf4 Nh2 44. Ke2 Ng4 45. Rg7
Nf6 46. Be5 Ng4 47. Bf4 Nf6 48. Be5 Ng4 49. Bf4 1/2-1/2

[Event "23rd ETCC Open 2021"]
[Site "Catez"]
[Date "2021.11.20"]
[Round "8.39"]
[White "Skoberne, Jure"]
[Black "Postny, Evgeny"]
[Result "1/2-1/2"]
[ECO "D02"]
[WhiteElo "2562"]
[BlackElo "2557"]
[Annotator "ChessBase"]
[PlyCount "73"]
[EventDate "2021.11.08"]
[EventType "team-tourn"]
[EventCountry "SLO"]
[SourceTitle "playchess.com"]
[Source "ChessBase"]
[SourceQuality "1"]
[WhiteTeam "Slovenia"]
[BlackTeam "Israel"]
[WhiteTeamCountry "SLO"]
[BlackTeamCountry "ISR"]
[TimeControl "40/5400+30:1800+30"]

1. d4 d5 2. Nf3 Nf6 3. Bf4 e6 4. e3 Bd6 5. Nbd2 Bxf4 6. exf4 O-O 7. c3 b6 8. h4
c5 9. h5 Ba6 10. Bxa6 Nxa6 11. Qe2 Nb8 12. Ne5 Nfd7 13. h6 g6 14. Ndf3 f6 15.
Nxg6 hxg6 16. Qxe6+ Kh7 17. O-O-O Qe8 18. f5 Qxe6 19. fxe6 c4 20. Rde1 Re8 21.
Nh2 b5 22. Ng4 f5 23. exd7 Nxd7 24. Ne5 Nf6 25. Nf7 Ne4 26. Re2 Rf8 27. Ne5 g5
28. Rh3 g4 29. Rh4 Rg8 30. f3 gxf3 31. gxf3 Rg1+ 32. Kc2 Ng3 33. Rd2 Rf8 34.
Rd1 Rg2+ 35. Rd2 Rg1 36. Rd1 Rg2+ 37. Rd2 1/2-1/2

[Event "23rd ETCC Open 2021"]
[Site "Catez"]
[Date "2021.11.20"]
[Round "8.40"]
[White "Boruchovsky, Avital"]
[Black "Janzelj, Tim"]
[Result "1-0"]
[ECO "D36"]
[WhiteElo "2542"]
[BlackElo "2474"]
[Annotator "ChessBase"]
[PlyCount "103"]
[EventDate "2021.11.08"]
[EventType "team-tourn"]
[EventCountry "SLO"]
[SourceTitle "playchess.com"]
[Source "ChessBase"]
[SourceQuality "1"]
[WhiteTeam "Israel"]
[BlackTeam "Slovenia"]
[WhiteTeamCountry "ISR"]
[BlackTeamCountry "SLO"]
[TimeControl "40/5400+30:1800+30"]

1. c4 e6 2. Nc3 d5 3. d4 Nf6 4. cxd5 exd5 5. Bg5 Be7 6. e3 Nbd7 7. Bd3 c6 8.
Qc2 h6 9. Bh4 Nh5 10. Bxe7 Qxe7 11. Nge2 Nb6 12. O-O O-O 13. Rae1 Bd7 14. Nc1
f5 15. Be2 Nf6 16. Nd3 Nc4 17. b3 Nd6 18. Ne5 Be8 19. Bd3 Nd7 20. f4 Nxe5 21.
fxe5 Ne4 22. Qb2 Bd7 23. b4 a5 24. bxa5 Be6 25. a6 bxa6 26. Na4 a5 27. Qc2 Rac8
28. Rc1 Qa3 29. Qb3 Qe7 30. Bxe4 dxe4 31. Qc3 Qb4 32. Qxb4 axb4 33. Nb6 Rb8 34.
Rxc6 Bxa2 35. Rf2 b3 36. Rb2 f4 37. Kf2 f3 38. g3 Rfe8 39. e6 Kh7 40. d5 Kg6
41. e7+ Kf7 42. d6 Rh8 43. Nd7 Rb5 44. Rc5 Rxc5 45. Nxc5 Rb8 46. Nxe4 Ke6 47.
Kxf3 Kd7 48. Ke2 Rc8 49. Kd3 Rc6 50. Kd4 Rc2 51. Nc5+ Ke8 52. Ne6 1-0

[Event "23rd ETCC Open 2021"]
[Site "Catez"]
[Date "2021.11.20"]
[Round "8.43"]
[White "Sonis, Francesco"]
[Black "Can, Emre"]
[Result "1/2-1/2"]
[ECO "E62"]
[WhiteElo "2536"]
[BlackElo "2570"]
[Annotator "ChessBase"]
[PlyCount "146"]
[EventDate "2021.11.08"]
[EventType "team-tourn"]
[EventCountry "SLO"]
[SourceTitle "playchess.com"]
[Source "ChessBase"]
[SourceQuality "1"]
[WhiteTeam "Italy"]
[BlackTeam "Turkey"]
[WhiteTeamCountry "ITA"]
[BlackTeamCountry "TUR"]
[TimeControl "40/5400+30:1800+30"]

1. c4 Nf6 2. Nc3 g6 3. g3 Bg7 4. Bg2 O-O 5. d4 d6 6. Nf3 c6 7. O-O Qb6 8. h3
Qa6 9. Qb3 Nbd7 10. Be3 Nb6 11. Nd2 e5 12. dxe5 dxe5 13. a4 Be6 14. Nb5 Rac8
15. Rfc1 Nfd7 16. Nxa7 Qxa7 17. a5 f5 18. axb6 Qb8 19. Nf3 h6 20. Bd2 c5 21. e4
Rc6 22. Nh4 Rxb6 23. Qc2 Qe8 24. exf5 gxf5 25. Ba5 Rd6 26. Bxb7 e4 27. Rd1 Qb8
28. Rxd6 Qxd6 29. Bc3 Bxc3 30. Qxc3 Qd4 31. Bd5 Bxd5 32. cxd5 Ne5 33. Qe3 Qxe3
34. fxe3 Rb8 35. Ra2 Rf8 36. Ra5 Rb8 37. Ra2 Rf8 38. Ra5 Nd3 39. Rb5 Kg7 40.
Rb7+ Kf6 41. Rb6+ Kg7 42. d6 Ne5 43. Rb5 Kf6 44. Rxc5 Rd8 45. Rd5 Ke6 46. Rd4
Rb8 47. d7 Nxd7 48. Nxf5 Kxf5 49. Rxd7 Rxb2 50. Rd5+ Kf6 51. Rh5 Kg6 52. Rh4
Rb4 53. Rf4 Rb1+ 54. Kf2 Rb2+ 55. Ke1 Rg2 56. Rg4+ Kf5 57. Kf1 Ra2 58. Rf4+ Ke5
59. Rh4 Ra1+ 60. Ke2 Ra2+ 61. Kd1 Ra1+ 62. Kd2 Ra2+ 63. Kc1 Ra1+ 64. Kb2 Re1
65. Rh5+ Ke6 66. Rxh6+ Kd5 67. Rg6 Rxe3 68. Kc2 Kd4 69. Rd6+ Ke5 70. Rg6 Kd4
71. Rd6+ Ke5 72. Rg6 Kd4 73. Rd6+ Ke5 1/2-1/2

[Event "23rd ETCC Open 2021"]
[Site "Catez"]
[Date "2021.11.20"]
[Round "8.44"]
[White "Sanal, Vahap"]
[Black "Lodici, Lorenzo"]
[Result "1-0"]
[ECO "A06"]
[WhiteElo "2590"]
[BlackElo "2529"]
[Annotator "ChessBase"]
[PlyCount "97"]
[EventDate "2021.11.08"]
[EventType "team-tourn"]
[EventCountry "SLO"]
[SourceTitle "playchess.com"]
[Source "ChessBase"]
[SourceQuality "1"]
[WhiteTeam "Turkey"]
[BlackTeam "Italy"]
[WhiteTeamCountry "TUR"]
[BlackTeamCountry "ITA"]
[TimeControl "40/5400+30:1800+30"]

1. Nf3 d5 2. b3 Bg4 3. Bb2 e6 4. g3 a5 5. Bg2 a4 6. O-O Nf6 7. c4 c6 8. bxa4
Nbd7 9. cxd5 exd5 10. d3 Be7 11. Bc3 O-O 12. Nbd2 Ne8 13. a5 Nd6 14. Nb3 Bf6
15. Qd2 Re8 16. Rfe1 c5 17. Bxf6 Qxf6 18. Rac1 c4 19. Nbd4 Nc5 20. Qb4 Rac8 21.
Nb5 Nxb5 22. Qxb5 c3 23. h3 Bxf3 24. Bxf3 Red8 25. Bg2 Qd4 26. Rc2 Qf6 27. h4
g6 28. Rb1 Rc7 29. Rb4 Na6 30. Rf4 Qe5 31. d4 Qd6 32. Qb3 Qb4 33. Bxd5 Rxd5 34.
Qxd5 Qb1+ 35. Kg2 Qxc2 36. Qd8+ Kg7 37. d5 f5 38. d6 Rf7 39. Qe8 Qxa2 40. Rd4
Qxa5 41. d7 c2 42. d8=Q Qxd8 43. Rxd8 c1=Q 44. Qg8+ Kf6 45. Rd6+ Ke5 46. Qd8
Nc7 47. f4+ Ke4 48. Re6+ Nxe6 49. Qd3# 1-0

[Event "23rd ETCC Open 2021"]
[Site "Catez"]
[Date "2021.11.20"]
[Round "8.46"]
[White "Stefansson, Hannes"]
[Black "Nguyen, Thai Dai Van"]
[Result "1/2-1/2"]
[ECO "D41"]
[WhiteElo "2519"]
[BlackElo "2594"]
[Annotator "ChessBase"]
[PlyCount "118"]
[EventDate "2021.11.08"]
[EventType "team-tourn"]
[EventCountry "SLO"]
[SourceTitle "playchess.com"]
[Source "ChessBase"]
[SourceQuality "1"]
[WhiteTeam "Iceland"]
[BlackTeam "Czech Republic"]
[WhiteTeamCountry "ISL"]
[BlackTeamCountry "CZE"]
[TimeControl "40/5400+30:1800+30"]

1. d4 Nf6 2. c4 e6 3. Nf3 d5 4. Nc3 c5 5. cxd5 cxd4 6. Qxd4 exd5 7. e4 dxe4 8.
Qxd8+ Kxd8 9. Ng5 Be6 10. Nxe6+ fxe6 11. Bg5 Nc6 12. O-O-O+ Ke8 13. Bb5 Rc8 14.
Kb1 Be7 15. Rhe1 Kf7 16. Bh4 Rhd8 17. Rxd8 Nxd8 18. Nxe4 Nxe4 19. Rxe4 Bxh4 20.
Rxh4 Rc5 21. Bd3 h6 22. Ra4 a6 23. h4 Ke7 24. Rg4 g5 25. Be4 Rc4 26. hxg5 hxg5
27. f3 Kf6 28. Rg3 Rc7 29. Rh3 Nf7 30. Rh1 Nd6 31. Bd3 Nf5 32. Re1 a5 33. g4
Nd4 34. Rf1 Ke5 35. Re1+ Kf6 36. Rf1 Ke5 37. Re1+ Kd6 38. Be4 b5 39. Rh1 Ke5
40. Rh8 Ne2 41. a3 Rc1+ 42. Ka2 a4 43. b3 Rf1 44. bxa4 bxa4 45. Bc6 Nc3+ 46.
Kb2 Kd4 47. Rd8+ Kc4 48. Bd7 Rf2+ 49. Kc1 Re2 50. Rb8 Re1+ 51. Kc2 Re2+ 52. Kc1
Kd3 53. Bb5+ Nxb5 54. Rxb5 Kc3 55. Rc5+ Kb3 56. Rxg5 Kxa3 57. Rb5 Ka2 58. f4
Re4 59. f5 exf5 1/2-1/2

[Event "23rd ETCC Open 2021"]
[Site "Catez"]
[Date "2021.11.20"]
[Round "8.48"]
[White "Kjartansson, Gudmundur"]
[Black "Plat, Vojtech"]
[Result "1/2-1/2"]
[ECO "B06"]
[WhiteElo "2443"]
[BlackElo "2548"]
[Annotator "ChessBase"]
[PlyCount "142"]
[EventDate "2021.11.08"]
[EventType "team-tourn"]
[EventCountry "SLO"]
[SourceTitle "playchess.com"]
[Source "ChessBase"]
[SourceQuality "1"]
[WhiteTeam "Iceland"]
[BlackTeam "Czech Republic"]
[WhiteTeamCountry "ISL"]
[BlackTeamCountry "CZE"]
[TimeControl "40/5400+30:1800+30"]

1. d4 g6 2. e4 Bg7 3. Nc3 e6 4. Nf3 Ne7 5. Bf4 a6 6. Qd2 h6 7. Bd3 d6 8. h3
Nbc6 9. Ne2 e5 10. Be3 f5 11. dxe5 dxe5 12. O-O-O Qd6 13. Qc3 Qb4 14. Qxb4 Nxb4
15. Bc4 b5 16. Bb3 fxe4 17. Nd2 Bb7 18. Nc3 Nbd5 19. Nxd5 Nxd5 20. Rhe1 Nxe3
21. fxe3 Ke7 22. c3 Rad8 23. Bc2 Bd5 24. Bxe4 Bf7 25. Nb3 Rd6 26. Nc5 a5 27. b3
a4 28. Kc2 axb3+ 29. axb3 Rhd8 30. Rd3 Bf8 31. Ra1 Kf6 32. Ra7 Rxd3 33. Nxd3
Bd6 34. Bc6 Be8 35. Bxe8 Rxe8 36. Ra5 Kf5 37. Nf2 Rb8 38. Kd3 Be7 39. Ke2 h5
40. Kf3 Bd6 41. Ne4 Ke6 42. Ra6 Rf8+ 43. Ke2 Rb8 44. c4 bxc4 45. bxc4 Kf5 46.
Kf3 h4 47. Nxd6+ cxd6 48. Rxd6 Rc8 49. e4+ Kg5 50. Rd5 Rxc4 51. Rxe5+ Kf6 52.
Ra5 Rc3+ 53. Kf4 Rg3 54. e5+ Ke7 55. Ra7+ Ke6 56. Ra6+ Ke7 57. Ra2 Ke6 58. Ke4
Ke7 59. Rb2 Ke6 60. Rc2 Ke7 61. Rb2 Ke6 62. Rd2 Rg5 63. Rd6+ Ke7 64. Kf3 Rf5+
65. Kg4 Rf2 66. Rxg6 Rxg2+ 67. Kf5 Rxg6 68. Kxg6 Ke6 69. Kg5 Kxe5 70. Kxh4 Kf6
71. Kg3 Kg5 1/2-1/2

[Event "23rd ETCC Open 2021"]
[Site "Catez"]
[Date "2021.11.20"]
[Round "8.50"]
[White "Brkic, Ante"]
[Black "Hillarp Persson, Tiger"]
[Result "1-0"]
[ECO "B51"]
[WhiteElo "2599"]
[BlackElo "2528"]
[Annotator "ChessBase"]
[PlyCount "95"]
[EventDate "2021.11.08"]
[EventType "team-tourn"]
[EventCountry "SLO"]
[SourceTitle "playchess.com"]
[Source "ChessBase"]
[SourceQuality "1"]
[WhiteTeam "Croatia"]
[BlackTeam "Sweden"]
[WhiteTeamCountry "CRO"]
[BlackTeamCountry "SWE"]
[TimeControl "40/5400+30:1800+30"]

1. e4 c5 2. Nf3 d6 3. Bb5+ Nd7 4. d4 cxd4 5. Nxd4 Ngf6 6. O-O e5 7. Nf5 a6 8.
Ba4 b5 9. Bb3 Nc5 10. Nc3 Bxf5 11. exf5 Be7 12. Bg5 O-O 13. Bxf6 Bxf6 14. Nd5
e4 15. c3 a5 16. a3 Re8 17. Bc2 Re5 18. f4 Re8 19. Qe2 a4 20. Rad1 Rb8 21. g4
h6 22. Kh1 Na6 23. Bb1 Nc7 24. Ba2 Nxd5 25. Bxd5 Rc8 26. Rg1 Rc5 27. Qe3 Bh4
28. Rg2 Qc8 29. Ba2 Qc6 30. Rgd2 Be7 31. Bd5 Qc8 32. Qxe4 Kf8 33. Qd3 Qc7 34.
Re1 Bf6 35. Rxe8+ Kxe8 36. Rg2 Kd8 37. g5 hxg5 38. fxg5 Be5 39. f6 gxf6 40.
gxf6 Bxf6 41. Rg8+ Ke7 42. Qe3+ Be5 43. Qg5+ Bf6 44. Qh5 Rxd5 45. Qxd5 Qb6 46.
Qa8 Be5 47. Re8+ Kf6 48. Qd8+ 1-0

[Event "23rd ETCC Open 2021"]
[Site "Catez"]
[Date "2021.11.20"]
[Round "8.51"]
[White "Blomqvist, Erik"]
[Black "Stevic, Hrvoje"]
[Result "1/2-1/2"]
[ECO "C83"]
[WhiteElo "2542"]
[BlackElo "2581"]
[Annotator "ChessBase"]
[PlyCount "67"]
[EventDate "2021.11.08"]
[EventType "team-tourn"]
[EventCountry "SLO"]
[SourceTitle "playchess.com"]
[Source "ChessBase"]
[SourceQuality "1"]
[WhiteTeam "Sweden"]
[BlackTeam "Croatia"]
[WhiteTeamCountry "SWE"]
[BlackTeamCountry "CRO"]
[TimeControl "40/5400+30:1800+30"]

1. e4 e5 2. Nf3 Nc6 3. Bb5 a6 4. Ba4 Nf6 5. O-O Nxe4 6. d4 b5 7. Bb3 d5 8. dxe5
Be6 9. c3 Be7 10. Nbd2 Nc5 11. Bc2 d4 12. Nb3 d3 13. Nxc5 dxc2 14. Qxd8+ Rxd8
15. Nxe6 fxe6 16. Be3 Rd5 17. Rfc1 Nxe5 18. Nxe5 Rxe5 19. Rxc2 Kf7 20. c4 b4
21. Rd1 Rd8 22. Rxd8 Bxd8 23. Rd2 Ke8 24. g3 Bg5 25. Bxg5 Rxg5 26. Kg2 Ra5 27.
b3 Re5 28. f4 Re3 29. Kf2 Rc3 30. Ke2 Ke7 31. Rd3 Rc2+ 32. Rd2 Rc3 33. Rd3 Rc2+
34. Rd2 1/2-1/2

[Event "23rd ETCC Open 2021"]
[Site "Catez"]
[Date "2021.11.20"]
[Round "8.54"]
[White "Dragnev, Valentin"]
[Black "Koykka, Pekka"]
[Result "1-0"]
[ECO "B11"]
[WhiteElo "2548"]
[BlackElo "2353"]
[Annotator "ChessBase"]
[PlyCount "67"]
[EventDate "2021.11.08"]
[EventType "team-tourn"]
[EventCountry "SLO"]
[SourceTitle "playchess.com"]
[Source "ChessBase"]
[SourceQuality "1"]
[WhiteTeam "Austria"]
[BlackTeam "Finland"]
[WhiteTeamCountry "AUT"]
[BlackTeamCountry "FIN"]
[TimeControl "40/5400+30:1800+30"]

1. e4 c6 2. Nf3 d5 3. Nc3 dxe4 4. Nxe4 Nf6 5. Qe2 Bf5 6. Nxf6+ gxf6 7. d3 Nd7
8. g3 Ne5 9. Nxe5 Qa5+ 10. Bd2 Qxe5 11. Qxe5 fxe5 12. Bg2 Bg7 13. a4 Be6 14.
O-O Bd5 15. Rae1 Bxg2 16. Kxg2 Kd7 17. Re4 f6 18. Rfe1 Rae8 19. Rg4 Reg8 20.
Rh4 h5 21. d4 Bf8 22. dxe5 Rg4 23. Rxg4 hxg4 24. Bc3 Rh6 25. Rd1+ Kc7 26. e6 f5
27. Rd7+ Kc8 28. Ba5 b6 29. Rxa7 Rxe6 30. Ra8+ Kb7 31. Rxf8 bxa5 32. Rxf5 Re2
33. Rc5 Kb6 34. Rc4 1-0

[Event "23rd ETCC Open 2021"]
[Site "Catez"]
[Date "2021.11.20"]
[Round "8.56"]
[White "Horvath, Dominik"]
[Black "Ronka, Erik"]
[Result "1-0"]
[ECO "B81"]
[WhiteElo "2469"]
[BlackElo "2321"]
[Annotator "ChessBase"]
[PlyCount "59"]
[EventDate "2021.11.08"]
[EventType "team-tourn"]
[EventCountry "SLO"]
[SourceTitle "playchess.com"]
[Source "ChessBase"]
[SourceQuality "1"]
[WhiteTeam "Austria"]
[BlackTeam "Finland"]
[WhiteTeamCountry "AUT"]
[BlackTeamCountry "FIN"]
[TimeControl "40/5400+30:1800+30"]

1. e4 c5 2. Nf3 e6 3. d4 cxd4 4. Nxd4 Nf6 5. Nc3 d6 6. g4 h6 7. Rg1 Nc6 8. Be3
a6 9. h4 h5 10. gxh5 Nxh5 11. Qd2 Bd7 12. O-O-O Qc7 13. f4 Nf6 14. Nf3 b5 15.
e5 dxe5 16. fxe5 Nxe5 17. Nxe5 Qxe5 18. Bf4 Qc5 19. Ne4 Qa7 20. Bg2 Nd5 21.
Nd6+ Bxd6 22. Bxd6 Bc6 23. Bxd5 Bxd5 24. Rxg7 Qb6 25. Be5 O-O-O 26. Rxf7 Bc4
27. Rd7 Rhf8 28. Bc7 Qxc7 29. Rxc7+ Kxc7 30. Qa5+ 1-0

[Event "23rd ETCC Open 2021"]
[Site "Catez"]
[Date "2021.11.20"]
[Round "8.57"]
[White "Subelj, Jan"]
[Black "Pechac, Jergus"]
[Result "1/2-1/2"]
[ECO "C60"]
[WhiteElo "2458"]
[BlackElo "2562"]
[Annotator "ChessBase"]
[PlyCount "62"]
[EventDate "2021.11.08"]
[EventType "team-tourn"]
[EventCountry "SLO"]
[SourceTitle "playchess.com"]
[Source "ChessBase"]
[SourceQuality "1"]
[WhiteTeam "Slovenia"]
[BlackTeam "Slovakia"]
[WhiteTeamCountry "SLO"]
[BlackTeamCountry "SVK"]
[TimeControl "40/5400+30:1800+30"]

1. e4 e5 2. Nf3 Nc6 3. Bb5 Nge7 4. d4 Nxd4 5. Nxd4 exd4 6. Qxd4 Nc6 7. Qe3 Be7
8. O-O O-O 9. Nc3 Re8 10. Bd2 Bf6 11. Rab1 a6 12. Ba4 b5 13. Bb3 Nd4 14. Nd5
Nxb3 15. axb3 Bb7 16. Qd3 Bxd5 17. exd5 Be5 18. c3 Qf6 19. b4 c6 20. Be3 a5 21.
bxa5 Rxa5 22. Rbd1 Qg6 23. dxc6 Qxd3 24. Rxd3 dxc6 25. Rfd1 h6 26. g3 Ra2 27.
R1d2 b4 28. cxb4 Rxb2 29. Rxb2 Bxb2 30. b5 cxb5 31. Rb3 Bf6 1/2-1/2

[Event "23rd ETCC Open 2021"]
[Site "Catez"]
[Date "2021.11.20"]
[Round "8.58"]
[White "Druska, Juraj"]
[Black "Dobrovoljc, Vid"]
[Result "1-0"]
[ECO "C84"]
[WhiteElo "2508"]
[BlackElo "2414"]
[Annotator "ChessBase"]
[PlyCount "87"]
[EventDate "2021.11.08"]
[EventType "team-tourn"]
[EventCountry "SLO"]
[SourceTitle "playchess.com"]
[Source "ChessBase"]
[SourceQuality "1"]
[WhiteTeam "Slovakia"]
[BlackTeam "Slovenia"]
[WhiteTeamCountry "SVK"]
[BlackTeamCountry "SLO"]
[TimeControl "40/5400+30:1800+30"]

1. e4 e5 2. Nf3 Nc6 3. Bb5 a6 4. Ba4 Nf6 5. O-O Be7 6. d3 b5 7. Bb3 d6 8. c3
O-O 9. a4 Bd7 10. Bc2 b4 11. a5 Rb8 12. Nbd2 Re8 13. Re1 Bf8 14. Bb3 h6 15. Nh4
Bg4 16. Ndf3 d5 17. h3 Be6 18. Ba4 Qd6 19. Nf5 Bxf5 20. exf5 Nd7 21. d4 e4 22.
Nh2 Na7 23. Re3 Nb5 24. Rg3 Nf6 25. Bxh6 Qd7 26. Ng4 Nh5 27. Ne5 Rxe5 28. Qxh5
Rxf5 29. Qg4 g6 30. Bxf8 Kxf8 31. f3 bxc3 32. bxc3 Qe6 33. fxe4 dxe4 34. Re3
Nd6 35. Bc2 Re8 36. Qe2 Qc4 37. Qxc4 Nxc4 38. Rxe4 Rb8 39. Rh4 Rh5 40. Rxh5
gxh5 41. Bd3 Ne3 42. Bxa6 Nd5 43. Be2 Nxc3 44. Bf3 1-0